 Dungeon Crawl Stone Soup version 0.29-a0-994-gc5c9f59d18 (webtiles) character file.

Game seed: 2830901207219303897

534355 quixfox the Metallomancer (level 25, -9/172 HPs)
             Began as a Gargoyle Earth Elementalist on Aug 2, 2022.
             Was the Champion of Vehumet.
             Mangled by an acid blob (48 damage)
             ... on level 2 of the Realm of Zot on Aug 4, 2022.
             The game lasted 06:48:00 (55640 turns).

quixfox the Metallomancer (GrEE)                   Turns: 55640, Time: 06:48:01

Health: -9/172     AC: 32    Str: 12    XL:     25   Next: 75%
Magic:  22/54      EV: 13    Int: 43    God:    Vehumet [******]
Gold:   6611       SH: 18    Dex: 14    Spells: 0/59 levels left

rFire   + + +      SeeInvis .   a - staff of earth
rCold   + + .      Faith    .   r - +5 kite shield {reflect}
rNeg    + . .      Spirit   .   J - +2 robe {rC+ rF+}
rPois   ∞          Reflect  +   p - +3 hat of Pondering {ponderous, Will+ MP+10 Int+5}
rElec   +          Harm     .   c - +2 cloak
rCorr   +          Rampage  .   R - +2 pair of gloves {hurl}
Will    +++..                   S - +2 pair of boots
Stlth   ++........              L - amulet of Vitality {RegenMP++ Regen++}
HPRegen 1.98/turn               X - ring "Ycyasytz" {rF+ rC++ Will+ Dex+6}
MPRegen 1.14/turn               A - ring of Yzikik {Fire rCorr Int+10}

@: about to teleport, corroded, flying, slow
A: sickness immunity, AC +19, big wings, negative energy resistance 1,
electricity resistance, torment resistance 1, petrification resistance, clumsy 1
}: 3/15 runes: serpentine, barnacled, silver
a: Renounce Religion


You were on level 2 of the Realm of Zot.
You worshipped Vehumet.
Vehumet was exalted by your worship.
You visited 10 branches of the dungeon, and saw 45 of its levels.
You also visited: Bailey, Ice Cave and Volcano.

You collected 10570 gold pieces.
You spent 3959 gold pieces at shops.

Inventory:

Hand Weapons
 b - the +9 morningstar of Dawn {protect, Str+4 Int+3 Dex+2}
   (You bought it in a shop on level 1 of the Elven Halls)

   It grants its wielder temporary protection when it strikes (+7 to AC).
   Str:       It affects your strength (+4).
   Int:       It affects your intelligence (+3).
   Dex:       It affects your dexterity (+2).
Armour
 c - a +2 cloak (worn)
 p - the +3 hat of Pondering (worn) {ponderous, Will+ MP+10 Int+5}
   (You found it on level 4 of the Depths)

   Int:       It affects your intelligence (+5).
   MP:        It affects your magic capacity (+10).
   Will:      It increases your willpower.
 r - a +5 kite shield of reflection (worn)
 B - a +0 cloak of stealth
 J - a +2 robe of resistance (worn)
 P - a +2 helmet of see invisible
 R - a +2 pair of gloves of hurling (worn)
 S - a +2 pair of boots (worn)
Magical Staves
 a - a staff of earth (weapon)
 i - a staff of conjuration
Jewellery
 n - a +6 ring of intelligence
 q - the amulet of the Four Winds {rN+ Will+++ Clar}
   (You took it off a yaktaur captain on level 5 of the Vaults)

   [amulet of nothing]

   rN:        It protects you from negative energy.
   Clar:      It protects you against confusion.
   Will:      It greatly increases your willpower.
 x - the ring "Aqumus" {rElec rN++ AC+4}
   (You bought it in a shop on level 3 of the Dungeon)

   [ring of protection]

   AC:        It affects your AC (+4).
   rElec:     It insulates you from electricity.
   rN:        It greatly protects you from negative energy.
 A - the ring of Yzikik (right hand) {Fire rCorr Int+10}
   (You acquired it on level 4 of the Snake Pit)

   [ring of fire]

   It enhances your fire magic.
   Int:       It affects your intelligence (+10).
   rF:        It protects you from fire.
   rC:        It makes you vulnerable to cold.
   rCorr:     It protects you from acid and corrosion.
 L - the amulet of Vitality (around neck) {RegenMP++ Regen++}
   (You found it on level 3 of the Lair of Beasts)

   [amulet of magic regeneration]

   It increases your rate of magic regeneration.
   Regen:     It increases your rate of health regeneration.
 W - the ring "Ediem" {rCorr SInv}
   (You took it off a spriggan air mage on level 4 of the Depths)

   [ring of resist corrosion]

   SInv:      It lets you see invisible.
   rCorr:     It protects you from acid and corrosion.
 X - the ring "Ycyasytz" (left hand) {rF+ rC++ Will+ Dex+6}
   (You found it on level 4 of the Depths)

   [ring of dexterity]

   Dex:       It affects your dexterity (+6).
   rF:        It protects you from fire.
   rC:        It greatly protects you from cold.
   Will:      It increases your willpower.
Wands
 y - a wand of iceblast (40)
 z - a wand of paralysis (53)
 K - a wand of flame (78)
 O - a wand of mindburst (17)
 Q - a wand of digging (19)
 U - a wand of acid (17)
Scrolls
 d - 13 scrolls of fog
 e - 9 scrolls of fear
 k - 2 scrolls of magic mapping
 l - 2 scrolls of blinking
 o - a scroll of silence
 v - 10 scrolls of teleportation
 E - 5 scrolls of amnesia
 H - 5 scrolls of poison
 I - 2 scrolls of summoning
 M - a scroll of enchant armour
 T - 4 scrolls of immolation
Potions
 f - 12 potions of magic
 g - 7 potions of resistance
 h - 20 potions of curing
 j - 6 potions of might
 m - 14 potions of ambrosia
 s - 11 potions of lignification
 t - 11 potions of haste
 u - 18 potions of heal wounds
 w - 2 potions of cancellation
 C - 7 potions of brilliance
 D - 3 potions of invisibility
 F - 13 potions of mutation
 N - 3 potions of berserk rage


   Skills:
 + Level 21.6 Fighting
 - Level 4.7 Staves
 - Level 5.6 Armour
 - Level 5.1 Dodging
 - Level 2.3 Stealth
 - Level 15.5 Shields
 - Level 17.6 Spellcasting
 + Level 14.1 Conjurations
 + Level 7.3 Necromancy
 - Level 4.4 Translocations
 - Level 1.0 Transmutations
 - Level 19.8 Fire Magic
 + Level 25.3 Earth Magic


You couldn't memorise any spells.
You knew the following spells:

 Your Spells              Type           Power      Damage    Failure   Level
a - Sandblast             Erth           100%       2d20      0%          1
b - Passwall              Tmut/Erth      100%       N/A       0%          2
c - Blink                 Tloc           100%       N/A       1%          2
d - Lee's Rapid Deconstr  Erth           77%        3d36*     0%          5
e - Fire Storm            Conj/Fire      67%        8d17      26%         9
f - Iron Shot             Conj/Erth      71%        9d13      1%          6
g - Fireball              Conj/Fire      67%        3d25      1%          5
h - Lehudib's Crystal Sp  Conj/Erth      71%        10d16     1%          8
i - Shatter               Erth           77%        3d56*     1%          9
j - Death's Door          Necr           39%        N/A       100%        9
k - Swiftness             Air            37%        N/A       3%          3

Your spell library contained the following spells:

 Spells                   Type           Power      Damage    Failure   Level
 Foxfire                  Conj/Fire      100%       2x1d9     0%          1
 Conjure Flame            Conj/Fire      100%       6-21      0%          3
 Stone Arrow              Conj/Erth      100%       3d13      0%          3
 Flame Wave               Conj/Fire      100%       2d21      0%          4
 Sticky Flame             Conj/Fire      100%       2d11      0%          4
 Beastly Appendage        Tmut           92%        N/A       1%          1
 Freeze                   Ice            100%       1d11      1%          1
 Necrotise                Necr           100%       1d9       1%          1
 Sting                    Tmut/Pois      100%       1d8       1%          1
 Ensorcelled Hibernation  Hex/Ice        74%        N/A       1%          2
 Poisonous Vapours        Pois/Air       74%        N/A       1%          2
 Static Discharge         Conj/Air       78%        3-13/arc  1%          2
 Dazzling Flash           Conj/Hex       100%       N/A       1%          3
 Frozen Ramparts          Ice            74%        1d15      1%          3
 Gell's Gravitas          Tloc           66%        N/A       1%          3
 Ignite Poison            Fire/Tmut/Pois 98%        N/A       1%          3
 Inner Flame              Hex/Fire       100%       N/A       1%          3
 Lesser Beckoning         Tloc           66%        N/A       1%          3
 Mephitic Cloud           Conj/Pois/Air  68%        N/A       1%          3
 Teleport Other           Tloc           66%        N/A       1%          3
 Vampiric Draining        Necr           79%        2d11      1%          3
 Animate Armour           Summ/Erth      100%       N/A       1%          4
 Animate Dead             Necr           79%        N/A       1%          4
 Dispel Undead            Necr           79%        3d26      1%          4
 Fulminant Prism          Conj/Hex       39%        3d18      1%          4
 Hailstorm                Conj/Ice       78%        3d16      1%          4
 Iskenderun's Mystic Bla  Conj/Tloc      87%        2d17      1%          4
 Leda's Liquefaction      Hex/Erth       60%        N/A       1%          4
 Passage of Golubria      Tloc           66%        N/A       1%          4
 Petrify                  Tmut/Erth      100%       N/A       1%          4
 Agony                    Necr           79%        N/A       1%          5
 Iskenderun's Battlesphe  Conj           100%       2d15      1%          5
 Lightning Bolt           Conj/Air       39%        1d57      1%          5
 Starburst                Conj/Fire      67%        6d18      1%          6
 Anguish                  Hex/Necr       31%        N/A       2%          4
 Conjure Ball Lightning   Conj/Air       39%        3x3d13    2%          6
 Ozocubu's Armour         Ice            37%        N/A       3%          3
 Airstrike                Air            18%        2d(3-19)  3%          4
 Olgreb's Toxic Radiance  Pois           37%        N/A       3%          4
 Corpse Rot               Necr/Pois/Air  56%        N/A       4%          4
 Manifold Assault         Tloc           66%        N/A       4%          5
 Yara's Violent Unravell  Hex/Tmut       21%        3d10      7%          5
 Ice Form                 Ice/Tmut       42%        N/A       10%         4
 Cause Fear               Hex            18%        N/A       12%         4
 Summon Ice Beast         Ice/Summ       37%        N/A       12%         4
 Summon Lightning Spire   Summ/Air       37%        N/A       12%         4
 Summon Forest            Summ/Tloc      27%        N/A       13%         5
 Blade Hands              Tmut           23%        N/A       21%         5
 Dispersal                Tloc           33%        N/A       28%         6
 Metabolic Englaciation   Hex/Ice        18%        N/A       32%         5
 Silence                  Hex/Air        18%        N/A       32%         5
 Eringya's Noxious Bog    Tmut/Pois      21%        N/A       34%         6
 Haunt                    Necr/Summ      31%        N/A       91%         7
 Borgnjor's Revivificati  Necr           39%        N/A       98%         8
 Infestation              Necr           39%        N/A       98%         8
 Enfeeble                 Hex            18%        N/A       100%        7
 Storm Form               Tmut/Air       21%        N/A       100%        7
 Summon Hydra             Summ           18%        N/A       100%        7
 Discord                  Hex            18%        N/A       100%        8
 Disjunction              Tloc           33%        N/A       100%        8
 Maxwell's Capacitive Co  Air            18%        ∞         100%        8
 Necromutation            Tmut/Necr      32%        N/A       100%        8
 Chain Lightning          Conj/Air       39%        3d52      100%        9
 Polar Vortex             Ice            18%        N/A       100%        9
 Statue Form              Tmut/Erth      Unusable   N/A       N/A         6

Dungeon Overview and Level Annotations

Branches:
Dungeon (15/15)            Temple (1/1) D:4            Lair (5/5) D:10
 Shoals (4/4) Lair:3        Snake (4/4) Lair:2        Slime (0/5) Lair:4
    Orc (2/2) D:11            Elf (3/3) Orc:2        Vaults (5/5) D:14
  Crypt (0/3) Vaults:2     Depths (4/4) D:15            Zot (2/5) Depths:4
 Bailey (visited)           IceCv (visited)         Volcano (visited)

Altars:
Ashenzari
Cheibriados
Dithmenos
Elyvilon
Fedhas
Gozag
Hepliaklqana
Kikubaaqudgha
Makhleb
Nemelex Xobeh
Okawaru
Qazlal
Ru
Sif Muna
Trog
Uskayaw
Vehumet
Wu Jian
Xom
Yredelemnul
Zin
The Shining One
Jiyva

Shops:
D:3 *=[   D:4 (![   D:12 ((:(!   Orc:2 :[((   Elf:1 !!(   Elf:2 !   Elf:3 !
Shoals:4 :   Snake:1 =::   Vaults:3 (   Depths:3 =*

Portals:
Hell: Lair:5 Depths:1 Depths:2 Depths:3 Depths:4
Abyss: Depths:2 Depths:3 Depths:4
Pandemonium: Depths:2
Ziggurat: Depths:2

Annotations:
D:1 1 transporter
D:3 1 runed translucent door, Crazy Yiuf
D:8 3 runed translucent doors, IdlyInterested's ghost, journeyman DsFi
D:13 3 runed translucent doors, jlumianski's ghost, journeyman MiFi
Vaults:3 1 runed translucent door, Juyf's ghost, adept OpAE
Depths:3 3 runed translucent doors, exclusion: obsidian statue, Natoadash's ghost, adept HaHu


Innate Abilities, Weirdness & Mutations

You are immune to sickness and miasma.
Your stone body is resilient. (AC +19)
You are immune to poison.
Your large and strong wings let you fly.
You resist negative energy. (rN+)
You are resistant to electric shocks. (rElec)
You are resistant to unholy torment.
You are immune to petrification.
You are clumsy. (Dex -2)


Message History

You kill the jelly!
Vehumet accepts your kill.
You feel your power returning.
You kill the jelly!
Vehumet accepts your kill.
You kill the jelly!
Vehumet accepts your kill.
You feel your power returning.
You kill the jelly!
Vehumet accepts your kill.
You feel your power returning.
A door shatters! x2
The yellow draconian is heavily wounded.
You kill the jelly!
Vehumet accepts your kill.
You kill the jelly!
Vehumet accepts your kill.
You feel your power returning.
You kill the jelly!
Vehumet accepts your kill.
You feel your power returning.
A jelly comes into view.
The jelly quivers.
The jelly is moderately wounded.
The yellow draconian scorcher is severely wounded.
The acid blob is moderately wounded.
You kill the jelly!
Vehumet accepts your kill.
You feel your power returning.
You kill the jelly!
Vehumet accepts your kill.
You feel your power returning.
Ka-crash!
An acid blob comes into view.
You hear a roar!
You hear a deafening roar!
Something hits you!! The acid blob hits you!!
* * * LOW HITPOINT WARNING * * *
You are splashed with acid.
You resist.
* * * LOW HITPOINT WARNING * * *
The acid blob hits you!!!
You die...

#...###...##
#..###...#####...
#..##...# #......
#..##..# #.....
#..##.. #....#
#..##. ##...# #..#
###....# #..#
#...)J# #..# #).)J@#
#..#####..{y......>.
#..##..)....{#..J...
#..##.)####.d.#.J...
#..##..# #...##....
#..##§)# .#..q##...
#...^..## .#.... ##.
#.......###.....J
#..###...# #....


You could see 3 acid blobs, a yellow draconian, a yellow draconian scorcher, a
moth of wrath and a jelly.

Vanquished Creatures
  Mennas (Vaults:3)
  Sojobo (Depths:1)
  Margery (Depths:4)
  A caustic shrike (Depths:4)
  A curse toe (Zot:1)
  13 golden dragons
  Jory (Vaults:5)
  A walking crystal tome (Depths:4)
  2 hellephants (Depths:2)
  6 tentacled monstrosities
  Zenata (Vaults:3)
  2 deep elf master archers (Elf:3)
  2 liches
  2 titans (Vaults:5)
  3 quicksilver dragons
  3 deep elf blademasters
  2 acid blobs
  4 death cobs (Zot:1)
  10 tengu reavers
  9 sphinxes
  5 storm dragons
  4 shadow dragons
  Donald (Vaults:4)
  6 nagarajas
  4 daevas
  A draconian monk (Zot:2)
  Roxanne (Shoals:4)
  An emperor scorpion (D:15)
  10 fire giants
  The ghost of SirDiesAlot the Alchemist, an adept DsTm of Okawaru (Shoals:2)
  4 deep elf sorcerers
  5 iron dragons
  2 orc warlords (Vaults:4)
  4 draconian knights
  A draconian scorcher (Zot:1)
  11 frost giants
  13 vault wardens
  Aizul (Vaults:3)
  A draconian shifter (Zot:2)
  4 deep elf elementalists (Elf:3)
  A ghost moth (Zot:1)
  A curse skull (Zot:1)
  A draconian annihilator (Depths:4)
  5 angels
  22 ironbound preservers
  3 war gargoyles
  A spriggan defender (Depths:4)
  27 very ugly things
  A broodmother (shapeshifter) (Zot:1)
  7 deep elf demonologists
  11 stone giants
  5 vampire knights
  4 ironbound thunderhulks
  A black draconian (shapeshifter) (Zot:1)
  2 black draconians (Zot:1)
  Nessos (D:14)
  10 deep elf annihilators
  3 red draconians (Zot:1)
  2 green draconians (Zot:1)
  3 entropy weavers
  8 dire elephants
  7 yellow draconians
  A red draconian (shapeshifter) (Zot:1)
  3 spark wasps (Depths:4)
  2 purple draconians (Zot:2)
  9 ettins
  A crystal guardian (Vaults:3)
  10 deep elf death magi
  4 jiangshi (Depths:2)
  A merfolk javelineer (Shoals:4)
  A great orb of eyes (shapeshifter) (Zot:1)
  8 merfolk impalers
  7 deep elf high priests
  9 great orbs of eyes
  7 fire dragons
  10 yaktaur captains
  5 boulder beetles
  54 vault guards
  4 rakshasas
  2 peacekeepers
  7 hydras
  7 ironbound frosthearts
  3 ogre magi
  3 salamander tyrants
  5 alligator snapping turtles
  7 centaur warriors
  3 spriggan air magi
  Erica (D:8)
  4 merfolk avatars
  4 catoblepae
  11 naga warriors
  7 anacondas
  3 satyrs
  7 merfolk aquamancers
  4 death knights
  36 dancing weapons
  9 two-headed ogres
  13 death yaks
  5 deep troll shamans
  6 tengu warriors
  6 hell hogs (Depths:2)
  6 deep troll earth magi
  3 vampire magi
  5 shock serpents
  A titan zombie (Depths:1)
  10 orc high priests
  Nergalle (Lair:2)
  18 deep elf knights
  4 spriggan berserkers
  5 naga sharpshooters
  11 iron trolls
  15 hell knights
  3 goliath frogs (Shoals:2)
  A storm dragon zombie (Vaults:3)
  2 golden dragon zombies (Depths:1)
  A salamander mystic (Volcano)
  3 sixfirhies
  A sea snake (shapeshifter) (Depths:1)
  6 cherubim (Depths:2)
  5 skeletal warriors
  A flayed ghost (Depths:3)
  14 sea snakes
  3 orb spiders (Zot:1)
  A glowing orange brain (Depths:1)
  57 deep trolls
  5 naga ritualists
  5 wizards
  12 phantasmal warriors
  37 deep elf pyromancers
  22 ironbound convokers
  2 lindwurms (Vaults:2)
  11 deep elf archers
  7 necromancers
  8 orc knights
  19 deep elf zephyrmancers
  7 mana vipers
  3 large abominations (Depths:3)
  25 harpies
  6 cyclopes
  2 orc sorcerers
  8 moths of wrath
  27 manticores
  18 salamanders
  A faun (Shoals:1)
  31 ugly things
  Maurice (D:9)
  7 guardian serpents
  24 elephants
  An elephant (shapeshifter) (Vaults:5)
  8 water nymphs
  A rust devil (Depths:2)
  13 naga magi
  31 black mambas
  14 cane toads
  6 vault sentinels
  An ice statue (IceCv)
  4 merfolk sirens
  A torpor snail (Lair:5)
  A gargoyle (D:12)
  4 smoke demons
  4 orange demons
  5 unseen horrors
  15 rime drakes
  A kobold demonologist (D:12)
  A tormentor (Depths:2)
  3 freezing wraiths
  An efreet (D:14)
  A human skeleton (Vaults:3)
  18 yaktaurs
  11 komodo dragons
  A tengu conjurer (Depths:1)
  8 harpy zombies
  6 ice devils
  A red devil (Lair:5)
  A troll (shapeshifter) (Elf:1)
  A queen bee (Lair:2)
  9 trolls
  7 wind drakes
  34 merfolk
  3 hornets (Depths:1)
  6 polar bears
  38 blink frogs
  A raiju (Zot:1)
  10 snapping turtles
  15 dream sheep
  31 slime creatures
  A wind drake (shapeshifter) (Vaults:5)
  3 air elementals
  A spriggan (shapeshifter) (D:15)
  11 spriggans
  19 water elementals
  3 shadows (D:11)
  7 wyverns
  4 wraiths
  4 fire elementals
  31 yaks
  Eustachio (D:6)
  10 basilisks
  3 redbacks
  2 death yak simulacra (Lair:5)
  A chaos spawn (Depths:3)
  7 wargs
  3 vampire mosquitoes (D:14)
  2 glowing shapeshifter zombies (Vaults:3)
  37 nagas
  3 acid dragons
  4 hell hounds (Lair:5)
  13 water moccasins
  3 floating eyes
  A glowing shapeshifter skeleton (Depths:1)
  28 orc warriors
  2 manticore zombies (Shoals:4)
  18 ogres
  17 centaurs
  20 wolves
  4 boggarts
  2 phantoms
  8 small abominations (Depths:3)
  A kobold brigand (D:11)
  11 bullfrogs
  2 cane toad simulacra (Lair:5)
  2 necrophages
  7 earth elementals
  2 gnoll sergeants
  3 scorpions
  A wight (Vaults:2)
  33 killer bees
  2 electric eels (Bailey)
  4 howler monkeys
  21 jellies
  37 orc priests
  6 hounds
  An iguana (D:7)
  16 orc wizards
  A wolf simulacrum (Lair:5)
  22 gnolls
  10 adders
  A shadow imp (D:6)
  2 white imps
  An ufetubus (D:6)
  2 worms (D:2)
  10 dart slugs
  76 orcs
  16 endoplasms
  10 giant cockroaches
  12 goblins
  20 hobgoblins
  7 jackals (D:1)
  18 kobolds
  3 quokkas
  8 ball pythons
  5 bats
  A frilled lizard (D:1)
  6 rats
  A butterfly (Zot:1)
1997 creatures vanquished.

Vanquished Creatures (others)
  A quicksilver dragon (Zot:1)
  A water elemental (D:14)
  28 fungi
  105 plants
  6 toadstools (D:2)
141 creatures vanquished.

Grand Total: 2138 creatures vanquished

Notes
Turn   | Place    | Note
-------+----------+-------------------------------------------
     0 | D:1      | quixfox the Gargoyle Earth Elementalist began the quest for
                  | the Orb.
     0 | D:1      | Reached XP level 1. HP: 10/10 MP: 3/3
    35 | D:1      | Found a faded altar of an unknown god.
   196 | D:1      | Reached skill level 1 in Transmutations
   196 | D:1      | Reached XP level 2. HP: 15/15 MP: 0/5
   348 | D:1      | Reached skill level 4 in Earth Magic
   484 | D:1      | Reached XP level 3. HP: 19/19 MP: 1/6
  1223 | D:1      | Reached XP level 4. HP: 24/24 MP: 6/8
  1338 | D:2      | Learned a level 2 spell: Passwall
  1342 | D:2      | Learned a level 3 spell: Stone Arrow
  1783 | D:2      | Reached skill level 1 in Conjurations
  2096 | D:2      | Reached skill level 5 in Earth Magic
  2098 | D:2      | Reached XP level 5. HP: 28/28 MP: 4/10
  2743 | D:3      | Found a runed translucent door.
  2744 | D:3      | Noticed Crazy Yiuf
  2949 | D:3      | Reached XP level 6. HP: 32/32 MP: 8/11
  3228 | D:3      | Found Olegur's Armour Emporium.
  3233 | D:3      | Bought a +0 pair of gloves for 49 gold pieces
  3331 | D:3      | Found Tuvurepp's Assorted Antiques.
  3423 | D:3      | You fall into a shaft and drop 3 floors!
  3448 | D:5      | Entered Level 5 of the Dungeon
  3483 | D:5      | Reached skill level 6 in Earth Magic
  3797 | D:5      | Reached XP level 7. HP: 35/36 MP: 11/13
  3930 | D:4      | Found Ilobul's Weapon Shop.
  3968 | D:4      | Found a staircase to the Ecumenical Temple.
  3984 | Temple   | Entered the Ecumenical Temple
  4121 | D:4      | Found a glowing golden altar of the Shining One.
  4162 | D:3      | Bought a crude copper ring for 105 gold pieces
  4162 | D:3      | Identified the ring "Aqumus" {rElec rN++ AC+4} (You bought
                  | it in a shop on level 3 of the Dungeon)
  4163 | D:3      | Bought a scroll labelled GOACUG ISEIDA for 21 gold pieces
  4211 | D:3      | Found Goudefey's Jewellery Boutique.
  4597 | D:4      | Found a broken altar of Ashenzari.
  4635 | D:4      | Found Girihush's Antique Armour Shop.
  4645 | D:4      | Learned a level 5 spell: Lee's Rapid Deconstruction
  4676 | D:4      | Reached skill level 1 in Fighting
  5112 | D:4      | Found Cimuhaej's Distillery.
  5531 | D:4      | Bought a glowing robe for 107 gold pieces
  5599 | D:5      | Reached skill level 7 in Earth Magic
  5823 | D:5      | Learned a level 4 spell: Sticky Flame
  5852 | D:5      | Reached XP level 8. HP: 45/45 MP: 11/15
  6067 | D:6      | Reached skill level 5 in Spellcasting
  6067 | D:6      | Reached skill level 1 in Fire Magic
  6550 | D:6      | Reached skill level 5 in Conjurations
  6643 | D:6      | Noticed Eustachio
  6710 | D:6      | Killed Eustachio
  6770 | D:6      | Found a radiant altar of Vehumet.
  6776 | D:6      | Became a worshipper of Vehumet
  7137 | D:7      | Reached XP level 9. HP: 41/52 MP: 13/17
  7536 | D:7      | Found an opulent altar of Gozag.
  7541 | D:7      | Reached skill level 8 in Earth Magic
  7756 | D:7      | Identified a scroll of acquirement
  7756 | D:7      | Acquired a staff of earth
  7870 | D:7      | Acquired 685 gold pieces
  7985 | D:3      | Bought an encrusted jade ring for 105 gold pieces
  7985 | D:3      | Bought a runed ivory wand for 84 gold pieces
  7985 | D:3      | Bought a fluorescent wand for 84 gold pieces
  7990 | D:3      | Bought a ring of see invisible for 165 gold pieces
  7990 | D:3      | Bought a ring of protection from cold for 275 gold pieces
  8067 | D:7      | Acquired an amulet of regeneration
  8754 | D:8      | Noticed Erica
  8762 | D:8      | Killed Erica
  8763 | D:8      | Reached skill level 5 in Fighting
  8763 | D:8      | Reached skill level 9 in Earth Magic
  9021 | D:8      | Found a runed translucent gate.
  9021 | D:8      | Found a runed translucent gate.
  9021 | D:8      | Found a runed translucent gate.
  9028 | D:8      | Reached XP level 10. HP: 59/59 MP: 19/19
  9130 | D:8      | Noticed IdlyInterested's ghost (journeyman DsFi)
  9158 | D:8      | Found a bloodstained altar of Trog.
  9467 | D:9      | Reached skill level 10 in Earth Magic
  9550 | D:9      | Noticed a two-headed ogre
  9554 | D:9      | Killed a two-headed ogre
  9555 | D:9      | Reached skill level 5 in Fire Magic
  9567 | D:9      | Found a flagged portal.
  9589 | D:9      | Reached * piety under Vehumet
  9589 | D:9      | Offered knowledge of Foxfire by Vehumet.
  9592 | Bailey   | Entered a bailey
 10369 | Bailey   | Noticed an orc knight
 10370 | Bailey   | Noticed an orc high priest
 10374 | Bailey   | Killed an orc knight
 10375 | Bailey   | Reached skill level 11 in Earth Magic
 10378 | Bailey   | Found an iron altar of Okawaru.
 10396 | Bailey   | Noticed an orc knight
 10397 | Bailey   | Killed an orc high priest
 10398 | Bailey   | Reached XP level 11. HP: 39/66 MP: 16/22
 10453 | Bailey   | Noticed an orc high priest
 10528 | Bailey   | Noticed a sun demon
 10530 | Bailey   | Gained mutation: You have hidden genetic defects. [a
                  | neqoxec]
 10568 | Bailey   | Killed an orc knight
 10568 | Bailey   | Reached ** piety under Vehumet
 10568 | Bailey   | Offered knowledge of Searing Ray by Vehumet.
 10642 | Bailey   | Got the Parchment of Molten Ensorcelling
 10724 | Bailey   | Killed an orc high priest
 10946 | D:9      | Acquired a +1 pair of boots of flying
 11166 | D:9      | Found a hazy altar of Hepliaklqana.
 11367 | D:9      | Noticed Maurice
 11374 | D:9      | Killed Maurice
 11398 | D:9      | Learned a level 6 spell: Iron Shot
 11430 | D:9      | Found a sparkling altar of Nemelex Xobeh.
 11580 | D:10     | Entered Level 10 of the Dungeon
 11614 | D:10     | Gained mutation: You are occasionally teleported next to
                  | monsters. [hidden defects]
 11721 | D:4      | Bought a potion of mutation for 104 gold pieces
 11721 | D:4      | Bought 2 potions of mutation for 208 gold pieces
 11721 | D:4      | Lost mutation: You have hidden genetic defects. [potion of
                  | mutation]
 11721 | D:4      | Lost mutation: You are occasionally teleported next to
                  | monsters. [potion of mutation]
 11721 | D:4      | Gained mutation: You are frail. (-10% HP) [potion of
                  | mutation]
 11721 | D:4      | Gained mutation: You passively dampen the noise of your
                  | surroundings. [potion of mutation]
 11722 | D:4      | Lost mutation: You passively dampen the noise of your
                  | surroundings. [potion of mutation]
 11722 | D:4      | Lost mutation: You are frail. (-10% HP) [potion of
                  | mutation]
 11722 | D:4      | Gained mutation: You are clumsy. (Dex -2) [potion of
                  | mutation]
 11836 | D:10     | Found a staircase to the Lair.
 11963 | D:10     | Found an iron altar of Okawaru.
 11964 | D:10     | Found a shimmering altar of Xom.
 12150 | D:10     | Found a glowing silver altar of Zin.
 12365 | D:10     | Reached skill level 12 in Earth Magic
 12743 | D:11     | Noticed a two-headed ogre
 12749 | D:10     | Reached skill level 1 in Armour
 13006 | D:11     | Noticed a manticore
 13014 | D:11     | Killed a manticore
 13076 | D:11     | Noticed a cyclops
 13079 | D:11     | Killed a cyclops
 13124 | D:11     | Noticed a boulder beetle
 13141 | D:11     | Noticed a manticore
 13283 | Lair:1   | Entered Level 1 of the Lair of Beasts
 13733 | Lair:1   | Offered knowledge of Scorch by Vehumet.
 13734 | Lair:1   | Reached XP level 12. HP: 73/73 MP: 22/24
 14162 | Lair:1   | Reached skill level 13 in Earth Magic
 14232 | Lair:1   | Reached *** piety under Vehumet
 14383 | Lair:1   | Noticed a catoblepas
 14390 | Lair:1   | Killed a catoblepas
 14733 | Lair:2   | Noticed a death yak
 14739 | Lair:2   | Killed a death yak
 14778 | Lair:2   | Noticed a death yak
 14778 | Lair:2   | Noticed a death yak
 14778 | Lair:2   | Noticed a death yak
 14778 | Lair:2   | Noticed a death yak
 14778 | Lair:2   | Noticed a death yak
 14783 | Lair:2   | Killed a death yak
 14785 | Lair:2   | Killed a death yak
 14785 | Lair:2   | Killed a death yak
 14788 | Lair:2   | Killed a death yak
 14788 | Lair:2   | Offered knowledge of Inner Flame by Vehumet.
 14792 | Lair:2   | Killed a death yak
 15011 | Lair:2   | Reached skill level 14 in Earth Magic
 15021 | Lair:2   | Reached skill level 5 in Armour
 15159 | Lair:2   | Reached XP level 13. HP: 80/80 MP: 5/26
 15326 | Lair:2   | Noticed Nergalle
 15387 | Lair:2   | Killed Nergalle
 15613 | Lair:2   | Reached **** piety under Vehumet
 15614 | Lair:2   | Reached skill level 10 in Conjurations
 15784 | Lair:2   | Offered knowledge of Iskenderun's Battlesphere by Vehumet.
 15892 | Lair:2   | You are sucked into a shaft and drop 1 floor!
 16065 | Lair:2   | Found a staircase to the Snake Pit.
 16898 | Lair:3   | Reached skill level 15 in Earth Magic
 17026 | Lair:3   | Found a staircase to the Shoals.
 17116 | Lair:3   | Found the amulet of Vitality {RegenMP++ Regen++}
 17609 | Lair:4   | Identified the +1 pair of boots of Toawk {+Inv rPois Int-3}
 17868 | Lair:4   | Found a staircase to the Slime Pits.
 17870 | Lair:4   | Found a viscous altar of Jiyva.
 17890 | Lair:4   | Reached ***** piety under Vehumet
 18088 | Lair:4   | Reached skill level 10 in Fighting
 18095 | Lair:4   | Offered knowledge of Flame Wave by Vehumet.
 18598 | Lair:5   | Entered Level 5 of the Lair of Beasts
 18604 | Lair:5   | Gained mutation: Your large and strong wings let you fly.
                  | [Gargoyle growth]
 18604 | Lair:5   | Reached XP level 14. HP: 88/88 MP: 16/27
 18639 | Lair:5   | Found a frozen archway.
 18758 | Lair:5   | Reached skill level 10 in Spellcasting
 18762 | IceCv    | Entered an ice cave
 19042 | IceCv    | Got Onerusel's Folio of the Chill
 19053 | IceCv    | Noticed a frost giant
 19072 | IceCv    | Killed a frost giant
 19505 | Lair:5   | Reached skill level 16 in Earth Magic
 19557 | Lair:5   | Reached skill level 5 in Dodging
 19595 | Lair:4   | Reached skill level 10 in Fire Magic
 19828 | Lair:5   | Reached skill level 1 in Staves
 19828 | Lair:5   | Reached XP level 15. HP: 95/95 MP: 15/29
 20476 | Lair:5   | Found a burning altar of Makhleb.
 20554 | Lair:5   | Reached ****** piety under Vehumet
 20560 | Lair:5   | Found a gateway to Hell.
 21006 | D:11     | Acquired 1019 gold pieces
 21022 | D:11     | Offered knowledge of Fireball by Vehumet.
 21030 | D:11     | Learned a level 5 spell: Fireball
 21236 | D:11     | Found a staircase to the Orcish Mines.
 21635 | Orc:1    | Entered Level 1 of the Orcish Mines
 21739 | Orc:1    | Found a dark tunnel.
 21758 | Volcano  | Entered a volcano
 21769 | Volcano  | Offered knowledge of Spellforged Servitor by Vehumet.
 22125 | Orc:2    | Entered Level 2 of the Orcish Mines
 22616 | Orc:1    | Learned a level 2 spell: Blink
 22803 | Orc:2    | Reached skill level 17 in Earth Magic
 22819 | Orc:2    | Offered knowledge of Freezing Cloud by Vehumet.
 22824 | Orc:2    | Reached XP level 16. HP: 101/101 MP: 4/31
 23023 | Orc:2    | Found a staircase to the Elven Halls.
 23140 | Orc:2    | Found Gyeklumifee's Antique Weapon Boutique.
 23140 | Orc:2    | Found Bocytieg's Antique Weapon Emporium.
 23203 | Orc:2    | Found Woage's Book Boutique.
 23203 | Orc:2    | Found Kutuocli's Antique Armour Emporium.
 23274 | Orc:2    | Bought an ichor-stained morningstar for 288 gold pieces
 23274 | Orc:2    | Identified the +9 morningstar "Pilexat" {vorpal, *Slow MP+9
                  | Dex-4 SInv} (You bought it in a shop on level 2 of the
                  | Orcish Mines)
 23539 | D:12     | Found Gacaamuv's Weapon Shop.
 23617 | D:12     | Found Faprej's Antique Weapon Boutique.
 23894 | D:12     | Found Bixe Garch's Book Shop.
 24014 | D:12     | Reached skill level 1 in Translocations
 24166 | D:12     | Found Extederu's Distillery.
 24175 | D:12     | Bought 2 potions of resistance for 280 gold pieces
 24175 | D:12     | Bought a potion of mutation for 112 gold pieces
 24175 | D:12     | Bought a potion of mutation for 112 gold pieces
 24175 | D:12     | Bought a potion of magic for 112 gold pieces
 24215 | D:12     | Found Voideup's Antique Weapon Shop.
 25207 | D:13     | Noticed jlumianski's ghost (journeyman MiFi)
 25214 | D:13     | Found a runed translucent gate.
 25214 | D:13     | Found a runed translucent gate.
 25214 | D:13     | Found a runed translucent gate.
 25257 | D:13     | Acquired 1089 gold pieces
 25610 | D:14     | Found a gate to the Vaults.
 25702 | D:14     | Got the Catalogue of Cold
 25871 | D:14     | Got the Compilation of the Virous Traveller
 26260 | D:14     | Noticed Nessos
 26263 | D:14     | Killed Nessos
 26456 | D:15     | Entered Level 15 of the Dungeon
 27052 | D:15     | Reached XP level 17. HP: 109/109 MP: 21/33
 27426 | D:15     | Found a staircase to the Depths.
 27840 | Snake:1  | Entered Level 1 of the Snake Pit
 28250 | Snake:1  | Reached skill level 1 in Shields
 28542 | Snake:1  | Found Avvi's Jewellery Shop.
 28542 | Snake:1  | Found Bixkimpe's Book Emporium.
 28545 | Snake:1  | Found Fesuno's Book Emporium.
 28551 | Snake:1  | Bought a book of Armaments for 468 gold pieces
 28560 | Snake:1  | Learned a level 8 spell: Lehudib's Crystal Spear
 28644 | Snake:1  | Reached skill level 18 in Earth Magic
 29148 | Snake:2  | Offered knowledge of Eringya's Noxious Bog by Vehumet.
 29650 | Snake:2  | Identified the +6 arbalest of Conflict {elec, rElec rN+++
                  | Int+5}
 29670 | Snake:2  | Identified the +5 flail "Semous" {antimagic, rPois rN++}
 31018 | Snake:4  | Entered Level 4 of the Snake Pit
 31459 | Snake:4  | Acquired the ring of Yzikik {Fire rCorr Int+10}
 31603 | Snake:4  | Identified the +3 scale mail "Mozem" {Dex+2}
 31791 | Snake:4  | Offered knowledge of Starburst by Vehumet.
 31796 | Snake:4  | Reached skill level 5 in Shields
 31849 | Snake:4  | Reached XP level 18. HP: 111/116 MP: 35/35
 32071 | Snake:4  | Got a serpentine rune of Zot
 32347 | Shoals:1 | Entered Level 1 of the Shoals
 33330 | Shoals:2 | Found a transporter.
 33332 | Shoals:2 | Noticed SirDiesAlot's ghost (adept DsTm)
 33399 | Shoals:2 | Found a transporter.
 33465 | Shoals:2 | Reached skill level 19 in Earth Magic
 33637 | Shoals:2 | Offered knowledge of Maxwell's Capacitive Coupling by
                  | Vehumet.
 34559 | Shoals:3 | Reached skill level 15 in Fighting
 35032 | Shoals:4 | Entered Level 4 of the Shoals
 35137 | Shoals:4 | Found Witogota's Book Emporium.
 35472 | Shoals:4 | Reached XP level 19. HP: 124/124 MP: 25/36
 35474 | Shoals:4 | Identified the +1 mace "Zimywk" {spect, SInv}
 35745 | Shoals:4 | Got a barnacled rune of Zot
 35777 | Shoals:4 | Identified Roxanne's Book of Changing
 35777 | Shoals:4 | Noticed Roxanne
 35780 | Shoals:4 | Killed Roxanne
 35795 | Shoals:4 | Offered knowledge of Fire Storm by Vehumet.
 35795 | Shoals:4 | Offered knowledge of Shatter by Vehumet.
 35795 | Shoals:4 | Offered knowledge of Chain Lightning by Vehumet.
 35814 | Shoals:4 | Learned a level 9 spell: Shatter
 36492 | Depths:1 | Entered Level 1 of the Depths
 36548 | Depths:1 | Found a shadowy altar of Dithmenos.
 36550 | Depths:1 | Noticed Sojobo
 36568 | Depths:1 | Paralysed by an air elemental for 1 turns
 36570 | Depths:1 | Paralysed by an air elemental for 1 turns
 36601 | Depths:1 | Paralysed by an air elemental for 1 turns
 36609 | Depths:1 | Paralysed by an air elemental for 1 turns
 36851 | Elf:1    | Entered Level 1 of the Elven Halls
 36867 | Elf:1    | Found a radiant altar of Vehumet.
 37425 | Elf:1    | Found Qiobli's Distillery.
 37425 | Elf:1    | Found Plog's Distillery.
 37426 | Elf:1    | Found Xufet's Antique Weapon Shop.
 37430 | Elf:1    | Bought a potion of heal wounds for 90 gold pieces
 37430 | Elf:1    | Bought a potion of brilliance for 72 gold pieces
 37430 | Elf:1    | Bought a potion of mutation for 144 gold pieces
 37430 | Elf:1    | Bought a potion of heal wounds for 90 gold pieces
 37437 | Elf:1    | Bought a transparent morningstar for 234 gold pieces
 37437 | Elf:1    | Identified the +9 morningstar of Dawn {protect, Str+4 Int+3
                  | Dex+2} (You bought it in a shop on level 1 of the Elven
                  | Halls)
 37489 | Elf:1    | Reached skill level 20 in Earth Magic
 38420 | Elf:2    | Found Segrohik's Distillery.
 38430 | Elf:2    | Bought a potion of magic for 104 gold pieces
 38430 | Elf:2    | Bought a potion of brilliance for 52 gold pieces
 38430 | Elf:2    | Bought a potion of magic for 104 gold pieces
 38444 | Elf:2    | Found the +10 tower shield of Ignorance {rN+ Int-4}
 38663 | Elf:2    | Reached XP level 20. HP: 132/132 MP: 32/38
 38699 | Elf:2    | Found a runed translucent gate.
 38699 | Elf:2    | Found a runed translucent gate.
 38699 | Elf:2    | Found a runed translucent gate.
 38771 | Elf:2    | Reached skill level 10 in Shields
 39067 | Elf:2    | Reached skill level 15 in Fire Magic
 39309 | Elf:3    | Entered Level 3 of the Elven Halls
 39582 | Elf:3    | Found Urieqeze's Distillery.
 39607 | Elf:3    | Bought 2 potions of mutation for 240 gold pieces
 39607 | Elf:3    | Bought a potion of haste for 150 gold pieces
 39895 | Elf:3    | Reached skill level 15 in Spellcasting
 39983 | Elf:3    | Identified the ring "Ommeupp" {rElec rPois Int-2 Dex+3
                  | Slay+4}
 40059 | Elf:3    | Identified the +6 flail of the Land of Plenty {pain, rElec
                  | rF+ Int+3}
 40071 | Elf:3    | Identified the ring of Wishful Thinking {rElec rF- rN+
                  | SInv}
 40119 | Elf:3    | Identified the +1 battleaxe "Yshohyvy" {freeze, *Noise
                  | rElec rN++ SInv}
 40126 | Elf:3    | Got the Enchiridion on Conjuration
 40156 | Elf:3    | Identified the +5 scale mail of Zin's Favour {rN++}
 40224 | Elf:3    | Identified the amulet "Ulaapp" {Faith MP+9 Str+2}
 40847 | Shoals:2 | Killed SirDiesAlot's ghost
 40878 | Shoals:2 | Identified the +1 pair of gloves "Doab Vio" {rPois Str+2}
 40908 | Shoals:2 | Upgraded the game from 0.29-a0-993-g4a18f31a58 to
                  | 0.29-a0-994-gc5c9f59d18
 41133 | Vaults:1 | Entered Level 1 of the Vaults
 41148 | Vaults:1 | Reached skill level 21 in Earth Magic
 42605 | Vaults:2 | Paralysed by a great orb of eyes for 2 turns
 42751 | Vaults:2 | Reached XP level 21. HP: 139/139 MP: 23/40
 42936 | Vaults:2 | Found a staircase to the Crypt.
 44153 | Vaults:3 | Noticed Zenata
 44162 | Vaults:3 | Killed Zenata
 44231 | Vaults:3 | Noticed Mennas
 44458 | Depths:1 | Paralysed by an air elemental for 1 turns
 44459 | Depths:1 | Killed Sojobo
 44511 | Depths:1 | Acquired 633 gold pieces
 45439 | Depths:2 | Found a one-way gateway to a ziggurat.
 45479 | Depths:2 | Acquired 568 gold pieces
 45888 | Depths:2 | Found a one-way gate to the infinite horrors of the Abyss.
 45959 | Depths:2 | Reached XP level 22. HP: 147/147 MP: 24/42
 45962 | Depths:2 | Reached skill level 22 in Earth Magic
 46049 | Depths:2 | Found a one-way gate leading to the halls of Pandemonium.
 46277 | Depths:2 | Identified the +0 tower shield "Rafiqourgh" {rC+ Int-4
                  | Dex+3}
 46311 | Depths:2 | Found a glowing silver altar of Zin.
 47185 | Depths:3 | Found Wophaem's Jewellery Boutique.
 47275 | Depths:3 | Identified the +8 trident "Hell-Harrower" {pain, *Noise
                  | rElec Str+4 Int+4}
 47876 | Depths:3 | Found a runed translucent gate.
 47876 | Depths:3 | Found a runed translucent gate.
 47876 | Depths:3 | Found a runed translucent gate.
 47877 | Depths:3 | Found an opulent altar of Gozag.
 47877 | Depths:3 | Found Zamop's Assorted Antiques.
 47878 | Depths:3 | Noticed a golden dragon
 47878 | Depths:3 | Noticed Natoadash's ghost (adept HaHu)
 48058 | Depths:3 | Found a hide-covered altar of Uskayaw.
 48068 | Depths:3 | Identified the +0 robe of Serendipity {rF+}
 48303 | Depths:4 | Entered Level 4 of the Depths
 48399 | Depths:4 | Noticed a caustic shrike
 48402 | Depths:4 | Killed a caustic shrike
 48445 | Depths:4 | Identified the ring "Ediem" {rCorr SInv}
 48474 | Depths:4 | Found a transporter.
 48572 | Depths:4 | Identified the ring "Ruogab" {Fly rF+ rC+ rCorr}
 48587 | Depths:4 | Identified the ring "Ebbalerph" {Fly Str+4}
 48734 | Depths:4 | Found a transporter.
 48751 | Depths:4 | Noticed a golden dragon
 48757 | Depths:4 | Killed a golden dragon
 48761 | Depths:4 | Found the +3 hat of Pondering {ponderous, Will+ MP+10
                  | Int+5}
 48765 | Depths:4 | Identified the ring "Ycyasytz" {rF+ rC++ Will+ Dex+6}
 48794 | Depths:4 | Reached XP level 23. HP: 153/153 MP: 33/43
 48804 | Depths:4 | Noticed Margery
 48935 | Depths:4 | Killed Margery
 49006 | Depths:4 | Found a gate to the Realm of Zot.
 49090 | Depths:4 | Found a burning altar of Makhleb.
 49298 | Depths:4 | Reached skill level 23 in Earth Magic
 49363 | Depths:4 | Found a snail-covered altar of Cheibriados.
 49375 | Depths:4 | Identified the +9 sling of the Original Sin {vorpal, rC+
                  | Stlth+}
 49759 | Vaults:3 | Identified the +10 plate armour of the Northern Lights
                  | {rN+}
 49789 | Vaults:3 | Found a runed translucent door.
 49789 | Vaults:3 | Noticed Juyf's ghost (adept OpAE)
 49938 | Vaults:3 | Noticed Aizul
 49944 | Vaults:3 | Killed Aizul
 50044 | Vaults:3 | Found Jorykoq's Antique Weapon Shoppe.
 50208 | Vaults:3 | Learned a level 9 spell: Fire Storm
 50401 | Vaults:3 | Reached skill level 15 in Shields
 50639 | Vaults:3 | Killed Mennas
 50701 | Vaults:3 | Identified the +5 glaive of Mudapy {freeze, rF+}
 51756 | Vaults:4 | Reached XP level 24. HP: 162/162 MP: 21/44
 52186 | Vaults:4 | Noticed Donald
 52192 | Vaults:4 | Killed Donald
 52316 | Vaults:4 | Learned a level 9 spell: Death's Door
 52330 | Vaults:5 | Entered Level 5 of the Vaults
 52360 | Vaults:5 | Reached skill level 24 in Earth Magic
 52632 | Vaults:5 | Reached skill level 5 in Necromancy
 52633 | Vaults:5 | Identified the +7 quarterstaff of Buphal {vorpal, Int+2}
 52656 | Vaults:5 | Identified the +0 leather armour of Wu Jian, Muttering
                  | {Rampage Str-5 Dex+3}
 52656 | Vaults:5 | Identified the ring of Greater Demons {rElec Will+}
 52687 | Vaults:5 | Reached XP level 25. HP: 170/170 MP: 25/44
 52766 | Vaults:5 | Identified the +1 hat "Couny" {rN+ rCorr Int-5}
 52774 | Vaults:5 | Got a silver rune of Zot
 53002 | Vaults:5 | Identified the +6 morningstar of Offence {antimagic, rF+
                  | Will+ rCorr Stlth-}
 53002 | Vaults:5 | Noticed Jory
 53007 | Vaults:5 | Killed Jory
 53433 | Vaults:5 | Identified the +1 robe "Axzibuhe" {rN+ Int+2 Dex-5}
 54195 | Zot:1    | Entered Level 1 of the Realm of Zot
 54594 | Zot:1    | Reached skill level 25 in Earth Magic
 55311 | Zot:1    | Identified the ring of Serghy {MP+9 Dex+5 Stlth-}
 55469 | Zot:1    | Acquired Epitet's Teachings on the Earthen Welkin
 55475 | Zot:1    | Learned a level 3 spell: Swiftness
 55640 | Zot:2    | Mangled by an acid blob

Illustrated notes

Levels and vault maps discovered:
D:1:      spicycebolla_arrival_risky_transporter, layout_loops_cross,
          ebering_ecumenical_altar_sacrificial, minmay_hexomino_c4
D:2:      cheibrodos_fertilizer, layout_rooms, serial_co_window_serial,
          co_window_cross_1, co_window_paths_a, co_window_paths_b,
          co_window_corner_a, co_window_of_opportunity_a, co_window_paths_c,
          co_window_broadway_b, co_window_of_opportunity_c,
          co_window_broadway_b, co_window_unsneaky_path_a, co_window_paths_e,
          glass_columns_a, glass_columns_a, minmay_crystal_water,
          minmay_split_cup_small
D:3:      layout_basic, serial_shops, shop, shop, shop, uniq_crazy_yiuf_cottage
D:4:      layout_loops_corners, nicolae_overflow_crystal_walls,
          ashenzari_conservatory_becter, minmay_temple_entry_sparse_star,
          serial_shops, shop, nicolae_shop_behind_doors, shop
D:5:      layout_basic, chequers_avenue, kennysheep_generic_room_14
D:6:      layout_rooms, kennysheep_little_box, uniq_eustachio
D:7:      layout_loops_ring, mainiacjoe_overflow_cross_hatched,
          kennysheep_pointless_box, chequers_serial_rivers_micro_e
D:8:      layout_basic, trog_antimagical, gammafunk_ghost_necromancy,
          serial_park_tiny_1, uniq_erica
D:9:      layout_loops_cross, nicolae_hepliaklqana_hazy_memory,
          mainiacjoe_overflow_tiny_flanked, enter_bailey_2, uniq_maurice
D:10:     layout_stronghold, zin_academy, gammafunk_temple_overflow_statue,
          lair_entry_dummy, serial_glass, glass_columns_b, glass_columns_c
D:11:     minmay_the_grid_octo_triangle [minmay_the_grid_octo_concentric,
          minmay_the_grid_octo_prize_star, minmay_the_grid_octo_focus],
          layout_grid_maze, orc_0_dummy, grunt_ministairs_6
D:12:     layout_stronghold, serial_shops, kennysheep_mini_moat,
          nicolae_shop_trees, shop, shop, nicolae_shop_crystal
D:13:     layout_long_grid, gammafunk_ghost_split
D:14:     layout_loops_corners, erik_vaults_2, roderic_three_in_a_row,
          lemuel_freeze_loot_1, uniq_nessos
D:15:     hangedman_depths_entry_try_elsewhere_first, layout_layer_cave,
          kennysheep_doodads
Temple:   hellmonk_temple_two_chambers
Lair:1:   kb_forest_paths, layout_regular_city, wad_woods_03
Lair:2:   layout_roguey [special_room_bee], dummy_snake_entry,
          grunt_megastairs_1, infiniplex_staircase_pool, uniq_nergalle
Lair:3:   layout_hall_layers, minmay_shoals_entry_centaurs, serial_bayou_shore_b
Lair:4:   layout_cave_pods, nicolae_slime_entry_slimehenge
Lair:5:   evil_forest, layout_hall_layers, portal_ice_cave_entry_ice_simulacra,
          small_statue_intersection
Shoals:1: layout_shoals
Shoals:2: layout_shoals, gammafunk_ghost_berserking_beasts,
          nicolae_shoals_goliath_grotto
Shoals:3: layout_shoals
Shoals:4: shoals_end_simple, layout_shoals, serial_shops, shop,
          nicolae_shoals_undead_eyrie, uniq_roxanne
Snake:1:  layout_layer_cave, serial_bayou_pond_d,
          nicolae_snake_guarding_the_ruins, serial_bayou_shore_a,
          minmay_shop_grove
Snake:2:  layout_layer_cave
Snake:3:  layout_misc_corridors, serial_bayou_shore_b, lemuel_fruit_tree
Snake:4:  minmay_snake_end_coiled, layout_cave_town, nicolae_triple_integral
Orc:1:    layout_caves, nicolae_volcano_entry_hallway, basic_altar,
          mines4_lemuel
Orc:2:    st_orc_town, layout_caves
Elf:1:    eino_elf_arrival_altar, layout_geoelf_grid, minivault_28,
          nicolae_wooded_promenade
Elf:2:    nicolae_elf_blades_splatter_lattice [nicolae_blade_entry_antechamber],
          layout_gridlike, serial_shops, shop
Elf:3:    elf_hall, layout_geoelf_octagon, serial_shops, nicolae_square_shop,
          grunt_ministairs_13
Vaults:1: nicolae_vaults_little_ls, ontoclasm_vaults_misaligned,
          hangedman_vaults_hat, v_misc_4, vaults_room_fours,
          layout_vaults_quadrants
Vaults:2: v_pattern_5, v_misc_24, v_misc_2, hangedman_vaults_trim,
          ontoclasm_vaults_spin, nicolae_vaults_inception_statues, v_misc_8,
          grunt_vaults_bifocal, blue_anna_dwarven_crypt, ontoclasm_vaults_fault,
          v_misc_1, v_misc_22, ontoclasm_vaults_misaligned,
          vaults_room_ringed_pool, layout_vaults_maze_bifur
Vaults:3: gammafunk_ghost_grave, hangedman_vaults_nodes,
          hangedman_vaults_stretched_pinwheel, v_misc_15, v_misc_2,
          nicolae_vaults_ring_of_whatevers, nicolae_vaults_meeting, v_rooms_2,
          ontoclasm_vaults_ligature, v_misc_18, layout_vaults_big_room,
          serial_shops, shop_fountains, uniq_mennas, uniq_aizul, uniq_zenata
Vaults:4: ontoclasm_vaults_tryst, hangedman_vaults_corner,
          grunt_vaults_hallway_long, vaults_mumra_hexcomb, vaults_dpeg_cross,
          nicolae_vaults_shelves_hall, nicolae_vaults_sealed_display,
          dpeg_vaults_monster_box, nicolae_vaults_three_branches,
          hangedman_vaults_restitches, layout_vaults_omnibox, uniq_donald
Vaults:5: serial_shops, uniq_jory
Depths:1: layout_big_octagon, serial_bayou_lagoon_a, pf_coc_iceberg,
          chequers_hall_statues_wall_a, grunt_decor_resistance,
          grunt_dithmenos_smoke, serial_bayou_shore_b, uniq_sojobo
Depths:2: evilmike_silver_temple, layout_gridlike, enter_ziggurat_b,
          grunt_hell_horde, abyss_entry, grunt_pan_entry_spiral,
          serial_aquarium, aquarium_bridge_island_small
          [aquarium_subvault_small_open, aquarium_subvault_window,
          aquarium_subvault_wall, aquarium_subvault_bridge,
          aquarium_subvault_wall], aquarium_window_corner, aquarium_window_fake,
          aquarium_window_fake, aquarium_window_fake, aquarium_view_2c,
          aquarium_view_2d, aquarium_pool_corner
Depths:3: abrahamwl_protected_by_tso_1, layout_gridlike, ebering_ghost_gozag,
          minmay_misc_feat_four_crosses, hell_entry, minmay_room_of_horrors,
          eat_drink_and_be_merry_uskayaw, minmay_shop_star,
          infiniplex_staircase_zigzag_3
Depths:4: hangedman_spin_cycle, abyss_entry, hell_entry
Zot:1:    hangedman_orp_of_zott, layout_misc_corridors, lemuel_baited_zot_trap,
          st_stairs_13, grunt_megastairs_2
Zot:2:    lemuel_acid_trip, layout_concentric_octagons

Skill      XL: |  1  2  3  4  5  6  7  8  9 10 11 12 13 14 15 16 17 18 19 20 21 22 23 24 25 |
---------------+----------------------------------------------------------------------------+-----
Transmutations | 1 |  1.0
Earth Magic    | 4 5 6 7 9 11 12 14 15 16 17 18 19 20 21 22 23 24 25 | 25.3
Spellcasting   | 3 4 5 6 7 8 9 10 11 12 13 14 15 16 17 | 17.6
Conjurations   | 1 2 3 4 5 6 7 8 9 10 11 12 13 14 | 14.1
Fighting       | 2 3 5 6 7 9 10 11 12 13 14 15 16 17 18 19 20 21 | 21.6
Fire Magic     | 2 4 5 6 8 9 10 11 12 13 14 15 16 17 18 19 | 19.8
Armour         | 3 5 |  5.6
Dodging        | 3 5 |  5.1
Staves         | 1 4 |  4.7
Translocations | 3 4 |  4.4
Shields        | 5 7 9 11 12 14 15 | 15.5
Necromancy     | 5 7 |  7.3
Stealth        | |  2.3

Action                   |  1- 3 |  4- 6 |  7- 9 | 10-12 | 13-15 | 16-18 | 19-21 | 22-24 | 25-27 || total
-------------------------+-------+-------+-------+-------+-------+-------+-------+-------+-------++-------
Melee: Staff             |       |       |     3 |    49 |     5 |     3 |    10 |     1 |       ||    71
       Punch             |       |       |       |     2 |       |       |       |       |       ||     2
 Cast: Sandblast         |    62 |   111 |   136 |   172 |   104 |     3 |    19 |     3 |     1 ||   611
       Stone Arrow       |       |       |     7 |       |       |       |       |       |       ||     7
       Lee's Rapid Decon |       |       |     4 |   100 |    72 |   149 |   155 |   178 |    62 ||   720
       Iron Shot         |       |       |       |     4 |   367 |   355 |   406 |   310 |   135 ||  1577
       Fireball          |       |       |       |       |    31 |   139 |    44 |    18 |     4 ||   236
       Blink             |       |       |       |       |       |       |     3 |       |     1 ||     4
       Lehudib's Crystal |       |       |       |       |       |       |       |     2 |       ||     2
       Shatter           |       |       |       |       |       |       |       |    39 |     1 ||    40
Evoke: Wand              |       |       |     1 |     1 |       |       |       |       |       ||     2
  Use: Scroll            |     1 |     3 |    17 |    14 |    11 |     8 |     4 |     7 |     3 ||    68
       Potion            |       |       |     1 |     6 |     1 |       |     2 |     2 |     1 ||    13
Armor: Robe              |    20 |    21 |    46 |    96 |    17 |       |   126 |    54 |    40 ||   420
       Troll leather arm |       |       |       |    32 |   167 |   105 |    19 |       |       ||   323
Dodge: Dodged            |    25 |    29 |    60 |   122 |   147 |    69 |   100 |    32 |    34 ||   618
Block: Kite shield       |       |       |       |       |       |       |   111 |    65 |    57 ||   233
       Reflection        |       |       |       |       |       |       |    13 |    16 |     2 ||    31

Table legend: (Time is in decaauts)
 A = Elapsed time spent in this place.
 B = Non-inter-level travel time spent in this place.
 C = Inter-level travel time spent in this place.
 D = Time resting spent in this place.
 E = Time spent auto-exploring this place.
 F = Levels seen in this place.
 G = Mean time per level.
                   A        B        C        D        E       F      G
               +--------+--------+--------+--------+--------+-----+--------+
         Total |  56758 |  52338 |   4420 |  10064 |  15469 |  48 | 1182.5 |
       Dungeon |  18258 |  16288 |   1970 |   3497 |   6314 |  15 | 1217.2 |
        Temple |     25 |     25 |      0 |      0 |      0 |   1 |   25.0 |
          Lair |   7590 |   6907 |    683 |   1917 |   1653 |   5 | 1518.0 |
        Shoals |   4089 |   3780 |    309 |    541 |   1396 |   4 | 1022.2 |
     Snake Pit |   4306 |   4152 |    154 |    503 |   1568 |   4 | 1076.5 |
  Orcish Mines |   1858 |   1723 |    135 |    286 |    464 |   2 |  929.0 |
   Elven Halls |   3713 |   3483 |    230 |    478 |   1375 |   3 | 1237.7 |
        Vaults |   7838 |   7234 |    604 |    973 |   1239 |   5 | 1567.6 |
        Depths |   5329 |   4997 |    332 |    746 |    929 |   4 | 1332.2 |
           Zot |   1535 |   1535 |      0 |    320 |    360 |   2 |  767.5 |
        Bailey |   1390 |   1390 |      0 |    622 |    113 |   1 | 1390.0 |
      Ice Cave |    686 |    686 |      0 |    159 |     56 |   1 |  686.0 |
       Volcano |    134 |    134 |      0 |     22 |      0 |   1 |  134.0 |
               +--------+--------+--------+--------+--------+-----+--------+

Top non-repeatable levels by time:
  Lair:1: 1910 daAuts
  Lair:2: 1838 daAuts
    D:15: 1748 daAuts
Depths:2: 1686 daAuts
Vaults:1: 1681 daAuts
Vaults:2: 1602 daAuts
Vaults:5: 1594 daAuts
Vaults:3: 1528 daAuts
     D:4: 1504 daAuts
Depths:3: 1493 daAuts
Vaults:4: 1432 daAuts
  Bailey: 1390 daAuts
     D:2: 1386 daAuts
   Zot:1: 1358 daAuts
   Elf:2: 1351 daAuts
